 Dungeon Crawl Stone Soup version 0.29.1-12-g30fa7ad0bf (webtiles) character file.

Game seed: 769857131115055354

124 StrungSween10 the Thaumaturge (level 5, -22/43 HPs)
             Began as a Gnoll Wanderer on Dec 20, 2022.
             Was an Initiate of the Shining One.
             Killed by an exploding orc wizard (26 damage)
             ... ignited by their inner flame
             ... on level 3 of the Dungeon.
             The game lasted 00:06:07 (2579 turns).

StrungSween10 the Thaumaturge (Gnoll Wanderer)      Turns: 2579, Time: 00:06:07

Health: -22/43     AC: 14    Str: 13    XL:     5   Next: 8%
Magic:  18/18      EV:  3    Int: 12    God:    the Shining One [......]
Gold:   110        SH:  0    Dex: 11    Spells: 26/26 levels left

rFire   . . .      SeeInvis .   h - +0 spear
rCold   . . .      Faith    .   (no shield)
rNeg    . . .      Spirit   .   i - +0 plate armour
rPois   .          Reflect  .   (no helmet)
rElec   .          Harm     .   (no cloak)
rCorr   .          Rampage  .   l - +2 pair of gloves
Will    .....                   j - +0 pair of boots
Stlth   ..........              (no amulet)
HPRegen 0.14/turn               (no ring)
MPRegen 0.16/turn               (no ring)

@: glowing
A: fangs 1, strong nose, distributed training
a: Renounce Religion


You were on level 3 of the Dungeon.
You worshipped the Shining One.
The Shining One was noncommittal.
You visited 1 branch of the dungeon, and saw 3 of its levels.

You collected 110 gold pieces.

Inventory:

Hand Weapons
 a - a +0 club
 h - a +0 spear (weapon)
Armour
 b - a +0 pair of gloves
 d - a +0 robe
 i - a +0 plate armour (worn)
 j - a +0 pair of boots (worn)
 l - a +2 pair of gloves (worn)
Scrolls
 c - a scroll of silence
 e - a scroll of fog
 f - 2 scrolls of magic mapping
 g - a scroll of identify
 k - a scroll of teleportation
 o - a scroll of enchant armour {unknown}
 q - 2 scrolls of poison {unknown}
 u - a scroll of noise {unknown}
Potions
 n - a potion of might
 p - a potion of heal wounds {unknown}
 r - a potion of haste {unknown}
 s - a potion of curing {unknown}
 t - a potion of brilliance {unknown}


   Skills:
 + Level 4.7 Fighting
 + Level 1.4 Short Blades
 + Level 1.4 Long Blades
 + Level 1.4 Axes
 + Level 1.4 Maces & Flails
 + Level 1.4 Polearms
 + Level 1.4 Staves
 + Level 1.4 Ranged Weapons
 + Level 1.4 Throwing
 + Level 1.4 Armour
 + Level 2.9 Dodging
 + Level 2.7 Stealth
 + Level 1.4 Shields
 + Level 1.4 Unarmed Combat
 + Level 11.4 Spellcasting
 + Level 1.1 Conjurations
 + Level 1.1 Hexes
 + Level 1.1 Summonings
 + Level 1.1 Necromancy
 + Level 1.1 Translocations
 + Level 1.1 Transmutations
 + Level 1.1 Fire Magic
 + Level 1.1 Ice Magic
 + Level 1.1 Air Magic
 + Level 1.1 Earth Magic
 + Level 1.1 Poison Magic
 + Level 1.5 Invocations
 + Level 1.4 Evocations


You had 26 spell levels left.
You didn't know any spells.
Your spell library contained the following spells:

 Spells                   Type           Power      Damage    Failure   Level
 Magic Dart               Conj           36%        1d4       100%        1
 Slow                     Hex            36%        N/A       100%        1
 Call Imp                 Summ           9%         N/A       100%        2
 Poisonous Vapours        Pois/Air       18%        N/A       100%        2
 Teleport Other           Tloc           9%         N/A       100%        3
 Corpse Rot               Necr/Pois/Air  9%         N/A       100%        4


Dungeon Overview and Level Annotations

Branches:
Dungeon (3/15)

Altars:
The Shining One

Shops:
D:1 (


Innate Abilities, Weirdness & Mutations

You have very sharp teeth.
Your uncanny sense of smell can sniff out nearby items.
Your experience applies equally to all skills.


Message History

Something hits you but does no damage. The orc hits you with a +0 dagger.
The orc hits you but does no damage.
You hit the orc wizard but do no damage.
The orc wizard is moderately wounded.
The orc wizard hits you but does no damage.
The orc hits you with a +0 dagger. Something hits you but does no damage.
The orc hits you but does no damage.
You closely miss the orc wizard.
The orc wizard is moderately wounded.
The orc wizard hits you but does no damage.
The orc hits you but does no damage. The orc hits you with a +0 club.
You hear some strange, mumbled words.
Something tries to affect you, but you resist.
You closely miss the orc wizard.
The orc wizard is moderately wounded.
The orc wizard hits you but does no damage.
The orc hits you with a +0 dagger. Something hits you but does no damage.
The orc hits you but does no damage.
You closely miss the orc wizard.
The orc wizard is moderately wounded.
The orc wizard casts a spell.
The orc wizard flickers and vanishes!
The orc hits you but does no damage. Something hits you.
The orc hits you but does no damage.
As you read the scroll of immolation, it crumbles to dust.
The creatures around you are filled with an inner flame!
Something hits you but does no damage. The orc hits you with a +0 dagger.
Something hits you but does no damage. The orc hits you but does no damage.
Something hits you. Something hits you but does no damage.
You hit the orc.
Flame seeps out of the orc.
The orc is lightly wounded.
Something hits you but does no damage.
The orc is engulfed in blazing flames.
The orc explodes!
The fiery explosion engulfs the orc!!!
The fiery explosion engulfs something!!
Reactivating autopickup.
You feel a bit more experienced. The fiery explosion engulfs you!!
* * * LOW HITPOINT WARNING * * *
The orc wizard explodes!
The fiery explosion engulfs you!!
Ouch! That really hurt!
You die...

#.......#######....#....
.......#.............'....#.###
.......###############....#.###
....... ∆ ..# #.....>...
...?... #.######....#.###
.....o. #.#........##....
.......########.#........######
.............{..#........# #
............§§@§'........# #
............§§○##.......##
?######."...§§§##########
#........# ##########


There were no monsters in sight!

Vanquished Creatures
  Jessica (D:2)
  An orc wizard (D:3)
  3 adders
  A worm (D:2)
  4 dart slugs
  3 orcs (D:3)
  A ball python (D:1)
  6 bats
  4 endoplasms
  3 giant cockroaches
  7 hobgoblins
  2 jackals (D:1)
  4 kobolds
  3 quokkas
  3 frilled lizards
  7 goblins
  6 rats
59 creatures vanquished.

Notes
Turn   | Place    | Note
-------+----------+-------------------------------------------
     0 | D:1      | Reached skill level 11 in Spellcasting
     0 | D:1      | StrungSween10 the Gnoll Wanderer began the quest for the
                  | Orb.
     0 | D:1      | StrungSween10 set off with the following items: a +0 club,
                  | a +0 pair of gloves, a scroll of silence, a +0 robe, a
                  | scroll of fog; and the following spells available to
                  | memorise: Magic Dart, Slow, Call Imp, Teleport Other.
     0 | D:1      | Reached XP level 1. HP: 20/20 MP: 12/12
     2 | D:1      | Noticed a meteoran
     2 | D:1      | Noticed an elf
     4 | D:1      | Noticed a ghoul
     4 | D:1      | Noticed a human
     6 | D:1      | Noticed a palentonga
     6 | D:1      | Noticed a minotaur
     8 | D:1      | Noticed a draconian
     8 | D:1      | Noticed a troll
    10 | D:1      | Noticed a demonspawn
    10 | D:1      | Noticed an octopode
    12 | D:1      | Noticed a demigod
    12 | D:1      | Noticed a merfolk
    14 | D:1      | Noticed a formicid
    16 | D:1      | Noticed a vine stalker
    18 | D:1      | Noticed a felid
    20 | D:1      | Noticed a tengu
    20 | D:1      | Noticed a gargoyle
    22 | D:1      | Noticed an ogre
    22 | D:1      | Noticed a vampire
    24 | D:1      | Noticed a naga
    24 | D:1      | Noticed an ogre
    26 | D:1      | Noticed a minotaur
    26 | D:1      | Noticed an elf
   225 | D:1      | Found Urheycs's Weapon Shop.
   275 | D:1      | Reached XP level 2. HP: 26/26 MP: 14/14
   771 | D:1      | Reached XP level 3. HP: 31/31 MP: 15/15
   852 | D:1      | Found a faded altar of an unknown god.
  1140 | D:1      | Reached skill level 1 in Invocations
  1370 | D:2      | Reached skill level 1 in Short Blades
  1370 | D:2      | Reached skill level 1 in Long Blades
  1370 | D:2      | Reached skill level 1 in Axes
  1370 | D:2      | Reached skill level 1 in Maces & Flails
  1370 | D:2      | Reached skill level 1 in Polearms
  1370 | D:2      | Reached skill level 1 in Staves
  1370 | D:2      | Reached skill level 1 in Ranged Weapons
  1370 | D:2      | Reached skill level 1 in Throwing
  1370 | D:2      | Reached skill level 1 in Armour
  1370 | D:2      | Reached skill level 1 in Shields
  1370 | D:2      | Reached skill level 1 in Unarmed Combat
  1370 | D:2      | Reached skill level 1 in Evocations
  1591 | D:2      | Reached XP level 4. HP: 37/38 MP: 17/17
  1902 | D:2      | Noticed Jessica
  1919 | D:2      | Killed Jessica
  1920 | D:2      | Reached skill level 1 in Conjurations
  1920 | D:2      | Reached skill level 1 in Hexes
  1920 | D:2      | Reached skill level 1 in Summonings
  1920 | D:2      | Reached skill level 1 in Necromancy
  1920 | D:2      | Reached skill level 1 in Translocations
  1920 | D:2      | Reached skill level 1 in Transmutations
  1920 | D:2      | Reached skill level 1 in Fire Magic
  1920 | D:2      | Reached skill level 1 in Ice Magic
  1920 | D:2      | Reached skill level 1 in Air Magic
  1920 | D:2      | Reached skill level 1 in Earth Magic
  1920 | D:2      | Reached skill level 1 in Poison Magic
  2342 | D:3      | Reached XP level 5. HP: 43/43 MP: 18/18
  2398 | D:3      | Found a glowing golden altar of the Shining One.
  2410 | D:3      | Became a worshipper of the Shining One
  2579 | D:3      | Killed by an exploding orc wizard... ignited by their inner
                  | flame

Illustrated notes

Levels and vault maps discovered:
D:1:      kb_arrival_jail, layout_loops_ring, ebering_ecumenical_altar_webs,
          serial_shops, nicolae_shop_bloodbath_and_beyond,
          chequers_serial_rivers_micro_c, nicolae_figureground_pulse
D:2:      layout_loops_ring, uniq_jessica
D:3:      layout_basic, mainiacjoe_overflow_six_doors_small,
          mainiacjoe_overflow_alcove_4, ebering_ghost_sewer_d

Skill      XL: |  1  2  3  4 |
---------------+-------------+-----
Spellcasting   | | 11.4
Invocations    | 1 |  1.5
Short Blades   | 1 |  1.4
Long Blades    | 1 |  1.4
Axes           | 1 |  1.4
Maces & Flails | 1 |  1.4
Polearms       | 1 |  1.4
Staves         | 1 |  1.4
Ranged Weapons | 1 |  1.4
Throwing       | 1 |  1.4
Armour         | 1 |  1.4
Shields        | 1 |  1.4
Unarmed Combat | 1 |  1.4
Evocations     | 1 |  1.4
Conjurations   | 1 |  1.1
Hexes          | 1 |  1.1
Summonings     | 1 |  1.1
Necromancy     | 1 |  1.1
Translocations | 1 |  1.1
Transmutations | 1 |  1.1
Fire Magic     | 1 |  1.1
Ice Magic      | 1 |  1.1
Air Magic      | 1 |  1.1
Earth Magic    | 1 |  1.1
Poison Magic   | 1 |  1.1
Fighting       | |  4.7
Dodging        | |  2.9
Stealth        | |  2.7

Action                   |  1- 3 |  4- 6 || total
-------------------------+-------+-------++-------
Melee: Club              |    16 |       ||    16
       Bite              |    21 |     6 ||    27
       Spear             |   140 |    74 ||   214
       Punch             |     4 |       ||     4
  Use: Scroll            |       |     5 ||     5
Armor: Robe              |    12 |       ||    12
       Plate armour      |   119 |    95 ||   214
Dodge: Dodged            |    51 |     7 ||    58
